 Dungeon Crawl Stone Soup version 0.31.0-12-g77e489cdc1 (webtiles) character file.

Game seed: 6991516941620581480

168 jagang the Changeling (level 5, 0/61 HPs)
             Began as a Demigod Shapeshifter on Feb 15, 2024.
             Slain by a water moccasin skeleton (5 damage)
             ... on level 3 of the Dungeon.
             The game lasted 00:05:24 (2350 turns).

jagang the Changeling (Demigod Shapeshifter)        Turns: 2350, Time: 00:05:24

Health: 0/61       AC: 22    Str: 19    XL:     5   Next: 3%
Magic:  7/7        EV:  2    Int: 12    God:
Gold:   58         SH:  0    Dex: 13    Spells: 4/4 levels left

rFire   + + .        l - +5 long sword of the Shimmering Enemy {venom, rF++}
rCold   . . .        h - orb {mayhem}
rNeg    . . .        a - melded +0 animal skin
rPois   +            n - melded +0 helmet
rElec   .            g - melded +0 cloak
rCorr   .            k - melded +0 pair of gloves
SInv    .            (boots currently unavailable)
Will    .....        (no amulet)
Stlth   +            (no ring)
HPRegen 0.30/turn    (no ring)
MPRegen 0.10/turn

%: mayhem
@: tree-form
A: stationary, stasis, torment immunity, boosted hp, high MP 1, forlorn, divine
attributes
a: no special abilities


You were on level 3 of the Dungeon.
You were a tree.
You visited 1 branch of the dungeon, and saw 3 of its levels.

You collected 58 gold pieces.

Inventory:

Hand Weapons
 l - the +5 long sword of the Shimmering Enemy (weapon) {venom, rF++}
   (You found it on level 2 of the Dungeon)

   rF++:      It greatly protects you from fire.
Armour
 a - a +0 animal skin (melded)
 g - a +0 cloak (melded)
 h - an orb of mayhem (worn)
 k - a +0 pair of gloves (melded)
 n - a +0 helmet (melded)
Talismans
 c - a beast talisman (active)
 d - a flux talisman
 f - a maw talisman
Scrolls
 e - a scroll of teleportation {unknown}
 i - 2 scrolls of identify {unknown}
 j - a scroll of poison {unknown}
Potions
 m - a potion of curing {unknown}


   Skills:
 + Level 2.1 Fighting
 + Level 1.2 Long Blades
 + Level 2.7 Dodging
 - Level 3.0 Unarmed Combat
 * Level 3.8 Shapeshifting


You had 4 spell levels left.
You didn't know any spells.
Your spell library was empty.

Dungeon Overview and Level Annotations

Branches:
Dungeon (3/15)


Innate Abilities, Weirdness & Mutations

You are a tree.
Your roots penetrate the ground, keeping you stationary.
You cannot be teleported.
You are immune to unholy pain and torment.
Your maximum health is greatly increased.
Your equipment is partially melded.
You have an increased reservoir of magic. (+10% MP)
You shall have no god before yourself.
Your divine heritage dramatically boosts your attributes as you level up.


Message History

* * * LOW HITPOINT WARNING * * *
The hound zombie closely misses you. The hound zombie barely misses you.
Unknown command.
Your transformation has ended.
Your +0 cloak unmelds from your body.
Your +0 helmet unmelds from your body.
Your +0 pair of gloves unmelds from your body.
You turn into a tree.
Your +0 cloak melds into your body.
Your +0 helmet melds into your body.
Your +0 pair of gloves melds into your body.
Your +0 animal skin melds into your body.
Your roots penetrate the ground.
The hound zombie bites you but does no damage. x2
You barely miss the hound zombie.
The hound zombie is heavily damaged.
The hound zombie bites you but does no damage. x4
Unknown command.
You hit the hound zombie.
The hound zombie is severely damaged.
The hound zombie bites you but does no damage. x3
You barely miss the hound zombie.
The hound zombie is severely damaged.
The hound zombie bites you but does no damage. x2
The hound zombie completely misses you.
The hound zombie bites you but does no damage.
You slash the hound zombie!
You destroy the hound zombie!
The hound zombie bites you but does no damage.
The water moccasin skeleton bites you but does no damage.
You have reached level 5!
You slash the water moccasin skeleton!
The water moccasin skeleton is heavily damaged.
The hound zombie bites you but does no damage.
The water moccasin skeleton bites you but does no damage.
The hound zombie bites you but does no damage.
The water moccasin skeleton bites you but does no damage.
You hit the water moccasin skeleton.
The water moccasin skeleton is severely damaged.
The hound zombie bites you but does no damage.
The water moccasin skeleton bites you.
You die...

.##.# .. ... #.#
.#.### #.###
##.##..####
.....## #...
..........
..###.###..#
###.....#.# .##
##.##..#
#.........# ##
##.#..#
#.#.......# #
#.#..###.#......##
#
#.....##.#Z######
# ###..#.#.#♣#
##.....Z.#
##.##.###
#...........
####.####### #.#
..# ###


You could see a hound zombie and a water moccasin skeleton.

Vanquished Creatures
  Terence (D:3)
  A hound zombie (D:3)
  Robin (D:2)
  5 adders
  2 dart slugs (D:2)
  5 ball pythons
  4 bats
  3 endoplasms
  4 giant cockroaches
  10 goblins
  11 hobgoblins
  5 kobolds
  3 quokkas
  3 frilled lizards
  A jackal skeleton (D:3)
  A quokka skeleton (D:3)
  A quokka zombie (D:3)
  A rat (D:2)
62 creatures vanquished.

Vanquished Creatures (collateral kills)
  A frilled lizard (D:1)
  2 goblins
3 creatures vanquished.

Grand Total: 65 creatures vanquished

Notes
Turn   | Place    | Note
-------+----------+-------------------------------------------
     0 | D:1      | jagang the Demigod Shapeshifter began the quest for the
                  | Orb.
     0 | D:1      | Reached XP level 1. HP: 15/15 MP: 3/3
    49 | D:1      | Reached skill level 1 in Fighting
   415 | D:1      | Reached XP level 2. HP: 23/23 MP: 4/4
  1144 | D:2      | Identified the +5 long sword of the Shimmering Enemy
                  | {venom, rF++}
  1203 | D:2      | Reached XP level 3. HP: 23/28 MP: 5/5
  1466 | D:2      | Identified the +0 ring mail "Puciniob" {Rampage}
  1885 | D:3      | Noticed Robin
  1892 | D:2      | Killed Robin
  1893 | D:2      | Reached XP level 4. HP: 21/36 MP: 6/6
  2235 | D:3      | Noticed Terence
  2240 | D:3      | Killed Terence
  2241 | D:3      | Reached skill level 1 in Long Blades
  2343 | D:3      | HP: 1/36 [hound zombie (2)]
  2349 | D:3      | Reached XP level 5. HP: 4/41 MP: 7/7
  2350 | D:3      | Slain by a water moccasin skeleton

Illustrated notes

Levels and vault maps discovered:
D:1:      erik_arrival_orb_chamber, layout_basic, chequers_mini_garden,
          minmay_tromino_i2
D:2:      layout_loops_corners
D:3:      layout_loops_ring, serial_undead, serial_undead_a, serial_undead_e,
          serial_undead_a, serial_undead_a, uniq_terence,
          uniq_crazy_yiuf_cottage, uniq_robin, uniq_ijyb

Skill      XL: |  1  2  3  4 |
---------------+-------------+-----
Fighting       | 1 2 |  2.1
Dodging        | 2 |  2.7
Shapeshifting  | 3 |  3.8
Unarmed Combat | 3 |  3.0
Long Blades    | 1 |  1.2

Action                     |  1- 3 |  4- 6 || total
---------------------------+-------+-------++-------
  Melee: Unarmed           |   120 |       ||   120
         Punch             |     1 |       ||     1
         Long sword        |    14 |    45 ||    59
Ability: Begin Untransform |       |     1 ||     1
    Use: Potion            |       |     1 ||     1
   Stab: Sleeping          |     3 |       ||     3
 Armour: Animal skin       |    83 |    40 ||   123
         Skin              |       |    20 ||    20
  Dodge: Dodged            |    86 |    60 ||   146
   Form: Beast             |       |     2 ||     2
